 Dungeon Crawl Stone Soup version 0.25-a0-290-g4a1327ee3a (webtiles) character file.

Game seed: 17058680753753437847, levelgen mode: deterministic

79 Lanoc the Slasher (level 4, -4/24 HPs)
             Began as a Vine Stalker Monk on Dec 15, 2019.
             Was a Priest of Vehumet.
             Slain by a scorpion (8 damage)
             ... on level 3 of the Dungeon.
             The game lasted 00:03:24 (1540 turns).

Lanoc the Slasher (Vine Stalker Monk)               Turns: 1540, Time: 00:03:25

Health: -4/24      AC:  4    Str: 18    XL:     4   Next: 38%
Magic:  0/5        EV: 13    Int: 10    God:    Vehumet [***...]
Gold:   111        SH:  0    Dex: 18    Spells: 1/3 levels left

rFire    + . .     SeeInvis .   a - +0 falchion
rCold    + . .     Gourm    .   (no shield)
rNeg     + . .     Faith    .   b - +0 robe
rPois    .         Spirit   +   e - +0 helmet
rElec    .         Reflect  .   k - scarf {rC+ rF+}
rCorr    .         Harm     .   (no gloves)
MR       +....                  q - +0 pair of boots
Stlth    ++........             (no amulet)
HPRegen  0.48/turn              l - ring of protection from magic
MPRegen  0.09/turn              d - ring of positive energy

@: mighty, lethally poisoned (-4 -> -5)
A: fangs 2, regeneration 1, magic shield, antimagic bite, no potion heal 3, rot
immunity
a: Renounce Religion


You were on level 3 of the Dungeon.
You worshipped Vehumet.
Vehumet was most pleased with you.
You were not hungry.

You visited 1 branch of the dungeon, and saw 3 of its levels.

You collected 111 gold pieces.

Inventory:

Hand Weapons
 a - a +0 falchion (weapon)
Missiles
 i - 16 poisoned darts (quivered)
Armour
 b - a +0 robe (worn)
 e - a +0 helmet (worn)
 f - a +0 scale mail
 k - a scarf of resistance (worn)
 q - a +0 pair of boots (worn)
Jewellery
 d - a ring of positive energy (right hand)
 l - a ring of protection from magic (left hand)
Scrolls
 g - 10 scrolls of identify {unknown}
 j - a scroll of remove curse {unknown}
 m - a scroll of teleportation {unknown}
 o - a scroll of random uselessness {unknown}
 p - a scroll of noise {unknown}
Potions
 h - a potion of might
 n - a potion of berserk rage {unknown}
 r - a potion of magic {unknown}
 s - a potion of degeneration {unknown}
 t - a potion of heal wounds {unknown}
Comestibles
 c - 6 rations


   Skills:
 + Level 3.2 Fighting
 * Level 3.7 Long Blades
 + Level 2.9 Dodging
 - Level 2.4 Stealth
 + Level 0.0 Spellcasting
 * Level 0.4 Conjurations


You had one spell level left.
You knew the following spells:

 Your Spells              Type           Power        Failure   Level  Hunger
a - Magic Dart            Conj           #...         9%          1    ##.....
b - Foxfire               Conj/Fire      #...         10%         1    ##.....
Your spell library was empty.

Dungeon Overview and Level Annotations

Branches:
Dungeon (3/15)

Altars:
Gozag
Vehumet


Innate Abilities, Weirdness & Mutations

You have extremely sharp teeth.
Your natural rate of healing is unusually fast.
When hurt, damage is shared between your health and your magic reserves.
Your bite disrupts and absorbs the magic of your enemies.
Potions cannot restore your health.
You are immune to rotting.


Message History

You hit the scorpion. Your bite misses the scorpion.
The scorpion is almost dead.
The scorpion stings you!
* * * LOW HITPOINT WARNING * * *
Casting: Magic Dart (safe; 9% risk of failure)
Confirm with . or Enter, or press ? or * to list all spells.
You conjure some foxfire!
The scorpion stings you.
* * * LOW HITPOINT WARNING * * *
You are poisoned.
The scorpion poisons you!
You feel sick.
The foxfire hits the scorpion but does no damage.
The scorpion is severely wounded.
The foxfire hits the scorpion but does no damage.
The scorpion is severely wounded.
You feel sick.
You feel sick.
You feel very mighty all of a sudden.
You feel sick. The scorpion stings you!
You die...

# ########## #.
..#.....##
#.###.#.#....########
...#.#.#.#.....#...
.#####.#<..#.#)###(#.#
................>..(.#
######.#.......@.....#
#.#..######s..#.#
#.............#.#
###########...#.#
#.###.# #)# .. #)# ##
#.# #.#


You could see a scorpion.

Vanquished Creatures
  3 adders
  An ooze (D:1)
  3 bats (D:1)
  4 giant cockroaches
  10 goblins
  9 hobgoblins
  4 kobolds
  A quokka (D:2)
  A ball python (D:1)
  3 frilled lizards (D:2)
  4 rats
43 creatures vanquished.

Vanquished Creatures (others)
  2 foxfires (D:3)
2 creatures vanquished.

Grand Total: 45 creatures vanquished

Notes
Turn   | Place    | Note
-------+----------+-------------------------------------------
     0 | D:1      | Lanoc the Vine Stalker Monk began the quest for the Orb.
     0 | D:1      | Reached XP level 1. HP: 11/11 MP: 2/2
    63 | D:1      | Reached XP level 2. HP: 11/16 MP: 3/3
   446 | D:1      | Reached XP level 3. HP: 7/20 MP: 1/4
  1051 | D:2      | Found a faded altar of an unknown god.
  1086 | D:2      | Became a worshipper of Vehumet
  1086 | D:2      | Reached * piety under Vehumet
  1086 | D:2      | Offered knowledge of Magic Dart by Vehumet.
  1086 | D:2      | Reached ** piety under Vehumet
  1121 | D:2      | Found an opulent altar of Gozag.
  1181 | D:2      | Gained mutation: Your natural rate of healing is unusually
                  | fast. [Vine Stalker growth]
  1181 | D:2      | Reached XP level 4. HP: 24/24 MP: 5/5
  1184 | D:2      | Learned a level 1 spell: Magic Dart
  1227 | D:2      | Offered knowledge of Foxfire by Vehumet.
  1230 | D:2      | Learned a level 1 spell: Foxfire
  1324 | D:2      | Offered knowledge of Mephitic Cloud by Vehumet.
  1418 | D:2      | Reached *** piety under Vehumet
  1540 | D:3      | Slain by a scorpion

Levels and vault maps discovered:
D:1:      tarquinn_simple_flora_water_a, layout_rooms
D:2:      layout_basic, chequers_ecumenical_altar_simple, grunt_gozag_statues
D:3:      layout_basic, lemuel_altar_in_water, uniq_crazy_yiuf_cottage,
          uniq_sigmund

Skill      XL: |  1  2 |
---------------+-------+-----
Long Blades    | 3 |  3.7
Fighting       | 3 |  3.2
Dodging        | |  2.9
Stealth        | |  2.4
Conjurations   | |  0.4

Action                   |  1- 3 |  4- 6 || total
-------------------------+-------+-------++-------
Melee: Falchion          |    82 |    31 ||   113
       Bite              |    24 |    12 ||    36
 Cast: Magic Dart        |       |     3 ||     3
       Foxfire           |       |     1 ||     1
  Use: Potion            |     1 |     1 ||     2
 Stab: Sleeping          |     2 |     2 ||     4
  Eat: Chunk             |     1 |     1 ||     2
Armor: Robe              |    29 |     5 ||    34
Dodge: Dodged            |    80 |    21 ||   101
       Rpst.: Falchion   |    21 |     5 ||    26

Table legend:
 A = Non-vault XP
 B = Vault XP
 C = Vault XP percentage of total XP
 D = Non-vault monster count
 E = Vault monster count
 F = Vault count percentage of total count
                 A         B        C        D         E       F
            +---------+---------+-------+---------+---------+-------
      Total |     114 |       0 |   0.0 |      43 |       0 |   0.0
            +---------+---------+-------+---------+---------+-------
        D:1 |      55 |       0 |   0.0 |      27 |       0 |   0.0
        D:2 |      43 |       0 |   0.0 |      13 |       0 |   0.0
        D:3 |      16 |       0 |   0.0 |       3 |       0 |   0.0
            +---------+---------+-------+---------+---------+-------
